 Dungeon Crawl Stone Soup version 0.29.1-15-g9cfb28693d (webtiles) character file.

Game seed: 748081791876271160

24 QwertyIsDirtey the Shield-Bearer (level 2, 0/29 HPs)
             Began as a Troll Fighter on Mar 23, 2023.
             Slain by a jackal (2 damage)
             ... on level 2 of the Dungeon.
             The game lasted 00:05:19 (1468 turns).

QwertyIsDirtey the Shield-Bearer (Troll Fighter)    Turns: 1468, Time: 00:05:20

Health: 0/29       AC:  4    Str: 23    XL:     2   Next: 79%
Magic:  1/1        EV:  8    Int:  4    God:
Gold:   19         SH:  7    Dex:  9    Spells: 1/1 levels left

rFire   . . .      SeeInvis .     - Unarmed
rCold   . . .      Faith    .   b - +0 kite shield
rNeg    . . .      Spirit   .   a - +0 robe
rPois   .          Reflect  .   (helmet restricted)
rElec   .          Harm     .   (no cloak)
rCorr   .          Rampage  .   (gloves unavailable)
Will    .....                   (boots unavailable)
Stlth   +.........              (no amulet)
HPRegen 0.89/turn               (no ring)
MPRegen 0.07/turn               (no ring)

@: lethally poisoned (0 -> -1)
A: large, unfitting armour, claws 3, regeneration 1, shaggy fur 1, tough skin 1
a: no special abilities


You were on level 2 of the Dungeon.
You visited 1 branch of the dungeon, and saw 2 of its levels.

You collected 19 gold pieces.

Inventory:

Hand Weapons
 d - a +0 spear
Armour
 a - a +0 robe (worn)
 b - a +0 kite shield (worn)
Scrolls
 e - 2 scrolls of amnesia {unknown}
 f - a scroll of identify {unknown}
 h - 2 scrolls of magic mapping {unknown}
 j - a scroll of immolation {unknown}
Potions
 c - a potion of might
 g - a potion of heal wounds {unknown}
 i - a potion of cancellation {unknown}


   Skills:
 + Level 2.5 Fighting
 + Level 3.0 Dodging
 + Level 3.0 Shields
 + Level 2.1 Unarmed Combat


You had one spell level left.
You didn't know any spells.
Your spell library was empty.

Dungeon Overview and Level Annotations

Branches:
Dungeon (2/15)

Altars:


Innate Abilities, Weirdness & Mutations

You are too large for most types of armour.
You have claws for hands.
Your natural rate of healing is unusually fast.
You are covered in fur. (AC +1)
You have tough skin. (AC +1)


Message History

You kill the jackal!
The goblin barely misses you.
The jackal bites you but does no damage.
You claw the goblin!
You kill the goblin!
You block the goblin's attack. The adder bites you.
You are poisoned.
The adder poisons you! You block the jackal's attack.
Your Dodging skill increases to level 3!
You scratch the jackal but do no damage.
You feel sick. The jackal closely misses you. You block the adder's attack.
The goblin hits you but does no damage.
The giant cockroach bites you but does no damage.
The jackal closely misses you.
You miss the jackal.
You feel sick. You block the adder's attack.
The giant cockroach bites you but does no damage.
The goblin hits you with a +0 club.
* * * LOW HITPOINT WARNING * * *
The jackal barely misses you. You block the adder's attack.
The giant cockroach bites you but does no damage.
You block the goblin's attack.
Unknown command.
Unknown command.
Unknown command.
Unknown command.
Unknown command.
Unknown command.
You closely miss the jackal.
You feel sick. You block the jackal's attack. You block the adder's attack.
The giant cockroach bites you.
* * * LOW HITPOINT WARNING * * *
The goblin hits you but does no damage.
You closely miss the giant cockroach.
You feel sick. The jackal bites you.
* * * LOW HITPOINT WARNING * * *
The adder bites you.
* * * LOW HITPOINT WARNING * * *
You are more poisoned.
The adder poisons you!
The giant cockroach bites you but does no damage.
The jackal bites you.
You die...

#######
#.S...####
#@B......# ##
#hg...##.# ...
#......# ....
####.†.#
.....####...#
..........#.###
..........<...#
...............>#
###..$.....##.#.#


You could see an adder, a jackal, a giant cockroach and a goblin.

Vanquished Creatures
  3 dart slugs (D:1)
  A ball python (D:1)
  An endoplasm (D:1)
  2 giant cockroaches (D:1)
  2 goblins
  A hobgoblin (D:1)
  2 jackals (D:2)
  3 frilled lizards (D:1)
  2 rats (D:1)
17 creatures vanquished.

Notes
Turn   | Place    | Note
-------+----------+-------------------------------------------
     0 | D:1      | QwertyIsDirtey the Troll Fighter began the quest for the
                  | Orb.
     0 | D:1      | Reached XP level 1. HP: 22/22 MP: 0/0
     2 | D:1      | Noticed an ogre
     2 | D:1      | Noticed a minotaur
     4 | D:1      | Noticed a troll
     4 | D:1      | Noticed an elf
     8 | D:1      | Noticed a gargoyle
     8 | D:1      | Noticed a spriggan
    10 | D:1      | Noticed a demigod
    10 | D:1      | Noticed a palentonga
    12 | D:1      | Noticed a vine stalker
    12 | D:1      | Noticed a draconian
    14 | D:1      | Noticed a demonspawn
    14 | D:1      | Noticed a merfolk
    16 | D:1      | Noticed a ghoul
    16 | D:1      | Noticed a naga
    18 | D:1      | Noticed a felid
    18 | D:1      | Noticed an octopode
    22 | D:1      | Noticed a vampire
    24 | D:1      | Noticed a tengu
    24 | D:1      | Noticed a meteoran
    26 | D:1      | Noticed a demonspawn
    26 | D:1      | Noticed a formicid
    28 | D:1      | Noticed a demonspawn
    28 | D:1      | Noticed a troll
   298 | D:1      | Reached XP level 2. HP: 28/29 MP: 1/1
   312 | D:1      | Found a faded altar of an unknown god.
  1468 | D:2      | Slain by a jackal

Illustrated notes

Levels and vault maps discovered:
D:1:      kb_arrival_jail, layout_basic,
          hellmonk_ecumenical_altar_defaced_shrine, serial_park_tiny_1
D:2:      layout_basic, serial_shops, nicolae_shop_stone, minmay_bisected

Skill      XL: |  1  2 |
---------------+-------+-----
Shields        | 3 |  3.0
Dodging        | 3 |  3.0
Fighting       | |  2.5
Unarmed Combat | |  2.1

Action                   || total
-------------------------++-------
Melee: Unarmed           ||    50
Armor: Robe              ||    97
Dodge: Dodged            ||   104
Block: Kite shield       ||    86
